 Dungeon Crawl Stone Soup version 0.30.0-19-g36f170ea60 (webtiles) character file.

Game seed: 3264089781856457257

1626 Josd the Cudgeller (level 8, -1/70 (78) HPs)
             Began as a Troll Fighter on June 1, 2023.
             Was a Believer of Lugonu.
             Slain by a wight
             ... wielding a +3 halberd of freezing
              (3 damage)
             ... on level 6 of the Dungeon.
             The game lasted 00:10:34 (4079 turns).

Josd the Cudgeller (Troll Fighter)                  Turns: 4079, Time: 00:10:34

HP:   -1/70 (78)    AC:  5    Str: 30    XL:     8   Next: 65%
MP:   2/2           EV:  9    Int:  4    God:    Lugonu [**....]
Gold: 293           SH:  8    Dex:  9    Spells: 7/7 levels left

rFire   . . .        u - +10 hammer "Tormentor" {antimagic, rCorr Str+3}
rCold   . . .        b - +0 kite shield
rNeg    . . .        a - +0 robe
rPois   .            (helmet restricted)
rElec   .            t - +0 cloak {rCorr}
rCorr   +            (gloves unavailable)
SInv    +            (boots unavailable)
Will    +....        (no amulet)
Stlth   +            v - ring of see invisible
HPRegen 1.11/turn    p - ring of willpower
MPRegen 0.08/turn

%: no passive effects
@: heavily drained
A: large, unfitting armour, claws 3, regeneration 1, shaggy fur 1, tough skin 1
a: Renounce Religion, Depart the Abyss, Banish


You were on level 6 of the Dungeon.
You worshipped Lugonu.
Lugonu was pleased with you.
You visited 1 branch of the dungeon, and saw 6 of its levels.

You collected 293 gold pieces.

Inventory:

Hand Weapons
 c - a +1 dagger of draining
 m - a +0 dagger
 r - the +9 dagger "Newtbane" {drain, rElec}
   (You found it on level 3 of the Dungeon)

   rElec:     It insulates you from electricity.
 u - the +10 hammer "Tormentor" (weapon) {antimagic, rCorr Str+3}
   (You found it on level 3 of the Dungeon)

   Str:       It affects your strength (+3).
   rCorr:     It protects you from acid and corrosion.
Missiles
 f - 18 poisoned darts (quivered)
 h - a throwing net
Armour
 a - a +0 robe (worn)
 b - a +0 kite shield (worn)
 t - a +0 cloak of preservation (worn)
Magical Staves
 B - a staff of conjuration
Jewellery
 i - a ring of resist corrosion
 p - a ring of willpower (right claw)
 v - a ring of see invisible (left claw)
 w - a ring of ice
 y - a ring of protection from cold
Wands
 z - a wand of paralysis (6)
Scrolls
 e - 3 scrolls of immolation {unknown}
 g - 12 scrolls of identify {unknown}
 k - 2 scrolls of teleportation {unknown}
 n - 3 scrolls of blinking {unknown}
 q - a scroll of magic mapping {unknown}
 x - a scroll of noise {unknown}
 A - a scroll of fog {unknown}
Potions
 d - a potion of haste {unknown}
 j - 3 potions of curing
 l - a potion of brilliance {unknown}
 o - 2 potions of invisibility {unknown}
 s - a potion of ambrosia {unknown}
 C - a potion of cancellation {unknown}


   Skills:
 + Level 3.8 Fighting
 - Level 0.8 Short Blades
 * Level 6.3 Maces & Flails
 + Level 4.3 Dodging
 + Level 1.1 Stealth
 + Level 4.4 Shields
 - Level 4.2 Unarmed Combat


You had 7 spell levels left.
You didn't know any spells.
Your spell library contained the following spells:

 Spells                   Type           Power      Damage    Failure   Level
 Ensorcelled Hibernation  Hex/Ice        0%         N/A       85%         2
 Spider Form              Tmut/Pois      0%         N/A       97%         3
 Anguish                  Hex/Necr       0%         N/A       100%        4


Dungeon Overview and Level Annotations

Branches:
Dungeon (6/15)             Temple (0/1) D:4

Altars:
Dithmenos
Okawaru
Xom
Lugonu


Innate Abilities, Weirdness & Mutations

You are too large for most types of armour.
You have claws for hands.
Your natural rate of healing is unusually fast.
You are covered in fur. (AC +1)
You have tough skin. (AC +1)


Message History

The wight hits you with a +3 halberd of freezing.
* * * LOW HITPOINT WARNING * * *
You feel drained.
* * * LOW HITPOINT WARNING * * *
The wight freezes you.
* * * LOW HITPOINT WARNING * * *
You block the wight's attack. The wight attacks as you move away!
You block the wight's attack.
The white imp grinds its teeth.
The wight attacks as you move away! The wight barely misses you.
It was a potion of curing.
You feel better. The wight barely misses you.
You sock the wight!
You destroy the wight!
Lugonu accepts your kill.
You hit the white imp but do no damage.
The wight hits you from afar with a +3 halberd of freezing!
* * * LOW HITPOINT WARNING * * *
The wight freezes you.
* * * LOW HITPOINT WARNING * * *
The white imp hits you.
* * * LOW HITPOINT WARNING * * *
The white imp freezes you.
* * * LOW HITPOINT WARNING * * *
You feel better.
The wight hits you from afar with a +3 halberd of freezing!
* * * LOW HITPOINT WARNING * * *
The wight freezes you.
* * * LOW HITPOINT WARNING * * *
The white imp picks up a beetle and eats it.
The white imp closely misses you.
You sock the white imp!
The white imp's magic leaks into the air.
The white imp is almost dead.
The white imp barely misses you.
The wight hits you from afar with a +3 halberd of freezing!
* * * LOW HITPOINT WARNING * * *
You feel drained.
* * * LOW HITPOINT WARNING * * *
The wight freezes you.
You die...

#..P♣.........
#..♣P......)>.
#............
#...........
###.......##
#.z.##### ##.## #
#########..# ##
#@5zz......######.
####..............
#######........
##....... #.......
##.......
##........
##....##...
##...#####..


You could see 2 wights and a white imp (magic disrupted).

Vanquished Creatures
  A shadow (D:6)
  A water moccasin (D:5)
  3 ice beasts
  A black bear (D:6)
  A centaur (D:6)
  2 phantoms (D:5)
  A kobold brigand (D:6)
  3 scorpions
  A wight (D:6)
  Crazy Yiuf (D:3)
  3 hounds
  2 jellies
  3 orc wizards
  A sleepcap (D:5)
  3 iguanas (D:5)
  Robin (D:2)
  3 adders
  A white imp (D:6)
  An ufetubus (D:4)
  A worm (D:4)
  3 dart slugs
  4 orcs
  5 endoplasms
  3 giant cockroaches (D:1)
  15 goblins
  10 hobgoblins
  2 jackals (D:1)
  4 quokkas
  6 ball pythons
  3 bats (D:1)
  5 frilled lizards
  10 kobolds
  7 rats
111 creatures vanquished.

Notes
Turn   | Place    | Note
-------+----------+-------------------------------------------
     0 | D:1      | Josd the Troll Fighter began the quest for the Orb.
     0 | D:1      | Reached XP level 1. HP: 22/22 MP: 0/0
   134 | D:1      | Reached XP level 2. HP: 29/29 MP: 1/1
   497 | D:1      | Reached XP level 3. HP: 35/36 MP: 2/2
   587 | D:1      | Found a faded altar of an unknown god.
   627 | D:1      | Prayed at the altar of an unknown god.
   627 | D:1      | Became a worshipper of Lugonu the Unformed
   627 | D:1      | Reached * piety under Lugonu
  1005 | D:2      | Noticed Robin
  1008 | D:2      | Found a shimmering altar of Xom.
  1036 | D:2      | Killed Robin
  1254 | D:2      | Reached XP level 4. HP: 44/44 MP: 3/3
  1457 | D:3      | Reached ** piety under Lugonu
  1674 | D:3      | Identified the +9 dagger "Newtbane" {drain, rElec}
  1735 | D:3      | Found a runed translucent door.
  1736 | D:3      | Noticed Crazy Yiuf
  1896 | D:3      | Noticed an ice beast
  1907 | D:3      | Killed an ice beast
  1908 | D:3      | Reached XP level 5. HP: 50/50 MP: 4/4
  2121 | D:3      | Killed Crazy Yiuf
  2131 | D:3      | Identified the +10 hammer "Tormentor" {antimagic, rCorr
                  | Str+3}
  2221 | D:4      | Reached XP level 6. HP: 56/59 MP: 1/5
  2292 | D:4      | Reached skill level 1 in Maces & Flails
  2336 | D:4      | Found a shadowy altar of Dithmenos.
  2441 | D:4      | Found a staircase to the Ecumenical Temple.
  2901 | D:5      | Entered Level 5 of the Dungeon
  2902 | D:5      | Noticed a water moccasin
  2907 | D:5      | Killed a water moccasin
  2908 | D:5      | Reached skill level 2 in Maces & Flails
  2908 | D:5      | Reached skill level 1 in Stealth
  2908 | D:5      | Reached XP level 7. HP: 58/66 MP: 2/6
  2961 | D:5      | Identified the +0 robe "Ywaruc" {Will+ Int-4 Dex+4}
  3182 | D:5      | Reached skill level 3 in Maces & Flails
  3315 | D:5      | Reached skill level 4 in Maces & Flails
  3871 | D:6      | Reached XP level 8. HP: 49/75 MP: 2/7
  3874 | D:6      | Reached skill level 5 in Maces & Flails
  3908 | D:6      | Reached skill level 6 in Maces & Flails
  3965 | D:6      | Found an iron altar of Okawaru.
  4079 | D:6      | HP: 2/70 [wight/+3 halberd of freezing (3)]
  4079 | D:6      | Slain by a wight

Illustrated notes

Levels and vault maps discovered:
D:1:      dpeg_arrival_boxorama, layout_basic, dreamdust_ecumenical_altar_grove,
          serial_forest, infiniplex_forest_end_2, infiniplex_forest_fountain,
          infiniplex_forest_clump_curved, infiniplex_forest_clump_medium,
          infiniplex_forest_3_way, infiniplex_forest_lined_room_2,
          infiniplex_forest_corner_2, infiniplex_forest_clump_small
D:2:      layout_basic, basic_altar, uniq_robin
D:3:      layout_loops_cross, minmay_misc_feat_more_columns,
          nicolae_elevator_lobby_asterisk, uniq_crazy_yiuf_cottage
D:4:      layout_loops_ring, mainiacjoe_overflow_surrounded_room,
          minmay_temple_entry_glassed_door
D:5:      layout_basic, fountainhead
D:6:      layout_cave_pods, mainiacjoe_overflow_cross_hatched, serial_park,
          serial_park_tiny_1, serial_park_square3 [serial_park_minivault_5x5_3],
          serial_park_avenue1, serial_park_tiny_1, corexii_shack

Skill      XL: |  1  2  3  4  5  6  7  8 |
---------------+-------------------------+-----
Shields        | 3 4 |  4.4
Unarmed Combat | 3 4 |  4.2
Dodging        | 3 4 |  4.3
Maces & Flails | 2 4 6 |  6.3
Stealth        | 1 |  1.1
Fighting       | 3 |  3.8
Short Blades   | |  0.8

Action                     |  1- 3 |  4- 6 |  7- 9 || total
---------------------------+-------+-------+-------++-------
  Melee: Unarmed           |   122 |    28 |       ||   150
         Dagger            |       |    15 |       ||    15
         Mace              |       |    33 |    97 ||   130
    Use: Potion            |     1 |       |     2 ||     3
   Stab: Sleeping          |     1 |     1 |       ||     2
 Armour: Robe              |    36 |    16 |    19 ||    71
  Dodge: Dodged            |    50 |    26 |    45 ||   121
  Block: Kite shield       |    47 |    24 |    39 ||   110
